General information
	        
			
        
        - name: gfaqs
 
        - type: Custom game
 
        - host: darkwasp
 
        - saver: Miles_Edgeworth
 
        
map: SecretValley 
        - players: 3
 
        - length: 18:24
 
        - speed: Fast
 - version: 1.22 W3XP
 - replay type:  Public
 
» download(69 KB)
Players
        team 1 (winner) 
              
              
Miles_Edgeworth (
blue | 122 APM | 2242 actions | 18:24)
              
 6 Death Knight 
 3 Death Coil
 3 Unholy Aura
 4 Lich 
 2 Frost Nova
 2 Frost Armor
 
                » actions 
                
                | Assign group hotkey | 27 |  | 
| Basic commands | 144 |  | 
| Build / train | 48 |  | 
| ESC pressed | 5 |  | 
| Enter build submenu | 19 |  | 
| Enter hero's abilities submenu | 11 |  | 
| Right click | 851 |  | 
| Select / deselect | 386 |  | 
| Select group hotkey | 664 |  | 
| Use ability | 87 |  | 
                2242 total
 » units 
                
                | Acolyte | 8 |  | 
| Ghoul | 6 |  | 
| Crypt Fiend | 2 |  | 
| Obsidian Statue | 7 |  | 
                23 total
 » upgrades
                
                | Web | 1 |  | 
| Destroyer Form | 1 |  | 
| Creature Attack | 1 |  | 
                3 total
 » buildings
                
                | Altar of Darkness | 1 |  | 
| Ziggurat | 10 |  | 
| Crypt | 1 |  | 
| Tomb of Relics | 1 |  | 
| Nerubian Tower | 2 |  | 
| Graveyard | 1 |  | 
| Halls of the Dead | 1 |  | 
| Slaughterhouse | 2 |  | 
| Black Citadel | 1 |  | 
| Necropolis | 1 |  | 
| Spirit Tower | 2 |  | 
                23 total
 » build order
                00:05 Altar of Darkness
00:08 Ziggurat
00:33 Crypt
00:47 Tomb of Relics
01:15 Nerubian Tower
01:22 Graveyard
02:16 Ziggurat
03:12 Halls of the Dead
04:28 Nerubian Tower
04:31 Ziggurat
05:31 Ziggurat
07:28 Slaughterhouse
07:39 Slaughterhouse
08:27 Black Citadel
08:35 Ziggurat
10:03 Ziggurat
11:32 Ziggurat
14:26 Necropolis
14:34 Ziggurat
14:36 Ziggurat
15:20 Spirit Tower
15:22 Ziggurat
17:18 Spirit Tower
» items
                
                | Rod of Necromancy | 1 |  | 
| Potion of Healing | 1 |  | 
| Orb of Corruption | 1 |  | 
| Potion of Lesser Invulnerability | 1 |  | 
                4 total
  
               team 2 (loser) 
              
              
Lezowski (
red | 92 APM | 1694 actions | 18:21)
              
 2 Archmage 
 1 Summon Water Elemental
 1 Brilliance Aura
 1 Mountain King 
 1 Storm Bolt
 
                » actions 
                
                | Assign group hotkey | 13 |  | 
| Basic commands | 97 |  | 
| Build / train | 63 |  | 
| ESC pressed | 4 |  | 
| Enter build submenu | 18 |  | 
| Enter hero's abilities submenu | 3 |  | 
| Right click | 975 |  | 
| Select / deselect | 437 |  | 
| Select group hotkey | 39 |  | 
| Use ability | 45 |  | 
                1694 total
 » units 
                
                | Peasant | 9 |  | 
| Footman | 10 |  | 
| Mortar Team | 6 |  | 
| Siege Engine | 3 |  | 
| Flying Machine | 6 |  | 
| Knight | 6 |  | 
                40 total
 » upgrades
                
                | Barrage | 1 |  | 
| Flying Machine Bombs | 1 |  | 
| Flak Cannons | 1 |  | 
                3 total
 » buildings
                
                | Altar of Kings | 1 |  | 
| Barracks | 1 |  | 
| Farm | 8 |  | 
| Keep | 1 |  | 
| Scout Tower | 3 |  | 
| Arcane Vault | 1 |  | 
| Arcane Tower | 2 |  | 
| Blacksmith | 1 |  | 
| Workshop | 2 |  | 
| Castle | 1 |  | 
| Lumber Mill | 1 |  | 
| Guard Tower | 4 |  | 
                26 total
 » build order
                00:07 Altar of Kings
00:22 Barracks
00:38 Farm
01:07 Farm
02:28 Farm
03:18 Keep
03:27 Scout Tower
03:57 Arcane Vault
03:59 Arcane Tower
04:02 Blacksmith
06:07 Workshop
06:26 Castle
06:29 Workshop
07:41 Scout Tower
07:44 Scout Tower
08:15 Arcane Tower
08:17 Lumber Mill
09:08 Farm
09:20 Guard Tower
09:46 Guard Tower
09:46 Guard Tower
09:55 Guard Tower
10:13 Farm
10:20 Farm
10:54 Farm
11:22 Farm
» items
                
                | Scroll of Regeneration | 1 |  | 
| Lesser Clarity Potion | 2 |  | 
| Ivory Tower | 4 |  | 
                7 total
  
               observersdarkwasp Chat log
          
(18:20 / All) Lezowski: gg